[Event "Netanya Open 2019"]
[Site "Netanya"]
[Date "2019.06.25"]
[Round "3.69"]
[White "Kadosh, Lior"]
[Black "Khairova, Evelina"]
[Result "1-0"]
[WhiteElo "1649"]
[BlackElo "1501"]
[PlyCount "61"]
[EventDate "2019.06.23"]
[EventType "swiss"]
[EventRounds "9"]
[EventCountry "ISR"]
[TimeControl "40/5400+30:1800+30"]

1. e4 e6 2. d4 d5 3. Nc3 Nf6 4. exd5 exd5 5. Bg5 Bb4 6. Qd3 O-O 7. Nge2 Re8 8. O-O-O h6 9. Bxf6 Qxf6 10. Nxd5 Qd6 11. Ne3 Bd7 12. Nc4 Qf6 13. f4 Bb5 14. Qb3 Bxc4 15. Qxc4 Bd6 16. g3 Nc6 17. Nc3 a6 18. Bg2 Rac8 19. Kb1 Bf8 20. Ne4 Qg6 21. Rhe1 Kh8 22. d5 Ne7 23. Nc5 Qb6 24. Nd7 Qd6 25. Bh3 f5 26. Ne5 Kg8 27. Nf3 Red8 28. a3 Kh8 29. Re6 Qd7 30. Ne5 Qe8 31. Bxf5 {time} 1-0

[Event "Netanya Open 2019"]
[Site "Netanya"]
[Date "2019.06.25"]
[Round "3.70"]
[White "Sobel, Ido"]
[Black "Ben Hemo, Guy"]
[Result "1-0"]
[WhiteElo "1606"]
[BlackElo "1453"]
[PlyCount "69"]
[EventDate "2019.06.23"]
[EventType "swiss"]
[EventRounds "9"]
[EventCountry "ISR"]
[TimeControl "40/5400+30:1800+30"]

1. e4 e5 2. Bc4 Nc6 3. d3 Nf6 4. Nc3 Be7 5. f4 d6 6. Nf3 Bg4 7. Be3 exf4 8. Bxf4 O-O 9. O-O Na5 10. Bb3 Nxb3 11. axb3 Qd7 12. Qe1 Rfe8 13. Be3 d5 14. Ne5 Qd6 15. Nxg4 Nxg4 16. Bf4 Qc5+ 17. Kh1 Bf6 18. Nxd5 Bxb2 19. Rb1 Be5 20. Qg3 c6 21. Bxe5 Nxe5 22. Nf6+ Kh8 23. Nxe8 Rxe8 24. Qf2 Qxf2 25. Rxf2 f6 26. b4 Rd8 27. b5 Kg8 28. bxc6 bxc6 29. Ra1 Ra8 30. Ra6 c5 31. h3 Kf7 32. Ra5 Nd7 33. Rf1 Ke6 34. Ra6+ Ke5 35. Rf5+ 1-0

[Event "Netanya Open 2019"]
[Site "Netanya"]
[Date "2019.06.25"]
[Round "3.71"]
[White "Kopaloff, Liam"]
[Black "Usha Margolin, Daniel"]
[Result "1-0"]
[WhiteElo "1545"]
[BlackElo "1437"]
[PlyCount "117"]
[EventDate "2019.06.23"]
[EventType "swiss"]
[EventRounds "9"]
[EventCountry "ISR"]
[TimeControl "40/5400+30:1800+30"]

1. e4 Nc6 2. Nf3 e5 3. c3 Nf6 4. d4 exd4 5. e5 Qe7 6. Qe2 d3 7. exf6 dxe2 8. fxe7 exf1=Q+ 9. Rxf1 Bxe7 10. Bf4 d6 11. Na3 O-O 12. Nb5 Bd8 13. O-O-O a6 14. Nbd4 Bd7 15. Rfe1 Bf6 16. h3 Rfe8 17. Rxe8+ Rxe8 18. Rd2 Nxd4 19. cxd4 Bf5 20. g4 Be4 21. Nh2 h6 22. f3 Bh7 23. Kd1 Bh4 24. Re2 Rxe2 25. Kxe2 g5 26. Be3 Kg7 27. Nf1 Kf6 28. Nd2 d5 29. Nb3 b6 30. a3 Ke6 31. Nd2 f5 32. b4 f4 33. Bg1 Kd6 34. Nb3 Bc2 35. Nc1 Kc6 36. Kd2 Ba4 37. Nd3 Bb5 38. Ne5+ Kd6 39. Nf7+ Ke6 40. Nxh6 Bf1 41. a4 Bxh3 42. Ke2 c6 43. Nf5 Bg3 44. Ng7+ Kd6 45. a5 bxa5 46. bxa5 c5 47. dxc5+ Kc6 48. Nf5 Bg2 49. Ne7+ Kd7 50. Nxd5 Kc8 51. Nb4 Kb7 52. c6+ Kc7 53. Bb6+ Kc8 54. Nxa6 Bh4 55. Nb4 Bh1 56. a6 Kb8 57. a7+ Ka8 58. Na6 Bg2 59. Nc7# 1-0

[Event "Netanya Open 2019"]
[Site "Netanya"]
[Date "2019.06.26"]
[Round "4.2"]
[White "Svetushkin, Dmitry"]
[Black "Zubov, Alexander"]
[Result "1-0"]
[ECO "B51"]
[WhiteElo "2532"]
[BlackElo "2597"]
[Annotator "ChessBase"]
[PlyCount "141"]
[EventDate "2019.06.23"]
[EventType "swiss"]
[EventCountry "ISR"]
[SourceTitle "playchess.com"]
[Source "ChessBase"]
[SourceQuality "1"]
[TimeControl "40/5400+30:1800+30"]

1. e4 c5 2. Nf3 d6 3. Bb5+ Nd7 4. c3 Ngf6 5. Bd3 g6 6. Bc2 Bg7 7. d4 O-O 8. O-O Qc7 9. a4 b6 10. Re1 Bb7 11. Na3 a6 12. Qe2 e6 13. h3 Rfe8 14. Bd2 Nh5 15. g4 Nhf6 16. Nh2 cxd4 17. cxd4 Nb8 18. Rac1 Nc6 19. Nf3 h5 20. g5 Nd7 21. Bb1 Qb8 22. Be3 e5 23. d5 Nd4 24. Qd1 Qd8 25. Nc4 Nc5 26. Nxd4 exd4 27. Bf4 Be5 28. Nxe5 dxe5 29. Bd2 Qd7 30. Kh2 Nxa4 31. f4 Nxb2 32. Qb3 Qb5 33. Qg3 Rac8 34. fxe5 Rxc1 35. Bxc1 Nc4 36. Bd3 Qc5 37. Bxc4 Qxc4 38. Qf4 Qc7 39. Bb2 Qxe5 40. Qxe5 Rxe5 41. Bxd4 Re8 42. d6 Rd8 43. e5 b5 44. Bb6 Rd7 45. Kg3 Kf8 46. Kf4 Ke8 47. Rc1 b4 48. Ke3 b3 49. Kd4 b2 50. Rb1 Bc8 51. Bc7 Rxc7 52. dxc7 Kd7 53. e6+ Kxe6 54. Rxb2 Kd6 55. Rf2 Bxh3 56. Rxf7 a5 57. Rf6+ Kxc7 58. Rxg6 Kd7 59. Ke5 Bf1 60. Rg7+ Kc6 61. g6 Bc4 62. Ra7 Kb5 63. Kd4 Ba2 64. g7 Kb4 65. Rb7+ Ka3 66. Kc3 h4 67. Rb8 h3 68. g8=Q Bxg8 69. Rxg8 h2 70. Rh8 a4 71. Rh4 1-0

[Event "Netanya Open 2019"]
[Site "Netanya"]
[Date "2019.06.26"]
[Round "4.3"]
[White "Grinberg, Eyal"]
[Black "Antipov, Mikhail Al."]
[Result "0-1"]
[ECO "B36"]
[WhiteElo "2474"]
[BlackElo "2582"]
[Annotator "ChessBase"]
[PlyCount "84"]
[EventDate "2019.06.23"]
[EventType "swiss"]
[EventCountry "ISR"]
[SourceTitle "playchess.com"]
[Source "ChessBase"]
[SourceQuality "1"]
[TimeControl "40/5400+30:1800+30"]

1. e4 c5 2. Nf3 Nc6 3. d4 cxd4 4. Nxd4 g6 5. c4 d6 6. Nc3 Nf6 7. Be2 Nxd4 8. Qxd4 Bg7 9. Be3 O-O 10. Qd2 a5 11. f3 a4 12. Rb1 Be6 13. Nb5 Nd7 14. Nd4 Qa5 15. Qxa5 Rxa5 16. O-O h5 17. Rfc1 Rc8 18. Kf2 Nc5 19. Rc2 Raa8 20. Rbc1 Bd7 21. Kf1 Na6 22. Rd2 Nb4 23. a3 Na6 24. b4 axb3 25. Nxb3 Be6 26. Nd4 Nc5 27. Rb1 Rxa3 28. Nxe6 Nxe6 29. Bf2 Ra1 30. Rdd1 Rca8 31. Rxb7 Rxd1+ 32. Bxd1 Ra1 33. Ke2 Nf4+ 34. Kd2 Nxg2 35. Bb3 Rb1 36. c5 Rb2+ 37. Kd1 Rxf2 38. c6 Ne3+ 39. Kc1 Bc3 40. Bc4 Rxh2 41. Kb1 Nxc4 42. c7 Na3+ 0-1

[Event "Netanya Open 2019"]
[Site "Netanya"]
[Date "2019.06.26"]
[Round "4.8"]
[White "Flom, Gabriel"]
[Black "Sivuk, Vitaly"]
[Result "1/2-1/2"]
[ECO "E48"]
[WhiteElo "2480"]
[BlackElo "2547"]
[Annotator "ChessBase"]
[PlyCount "117"]
[EventDate "2019.06.23"]
[EventType "swiss"]
[EventCountry "ISR"]
[SourceTitle "playchess.com"]
[Source "ChessBase"]
[SourceQuality "1"]
[TimeControl "40/5400+30:1800+30"]

1. d4 Nf6 2. c4 e6 3. Nc3 Bb4 4. e3 O-O 5. Bd3 c5 6. Nge2 d5 7. cxd5 cxd4 8. exd4 Qxd5 9. O-O Qh5 10. a3 Bd6 11. Bf4 Bxf4 12. Nxf4 Qh6 13. Qc1 Rd8 14. d5 e5 15. Nfe2 Qxc1 16. Raxc1 Nbd7 17. Rfd1 Nb6 18. d6 Be6 19. Ne4 Nxe4 20. Bxe4 Nc4 21. d7 Nxb2 22. Rd6 Rxd7 23. Rxd7 Bxd7 24. Bxb7 Rb8 25. Rc7 Be6 26. f4 Bc4 27. Kf2 exf4 28. Nxf4 g6 29. Ke3 Rd8 30. h4 a5 31. g4 Bb3 32. Ba6 Nd1+ 33. Kf3 Re8 34. g5 Ne3 35. Bd3 Nd5 36. Nxd5 Bxd5+ 37. Kf4 a4 38. Rc5 Bb3 39. Bc4 Re1 40. Bxb3 axb3 41. Rb5 Rb1 42. Kg3 h6 43. a4 hxg5 44. hxg5 b2 45. Rb8+ Kg7 46. Kh2 Kh7 47. Rb7 Kg8 48. Rb8+ Kg7 49. a5 Ra1 50. Rxb2 Rxa5 51. Rg2 Kf8 52. Kh3 Ke7 53. Re2+ Kd6 54. Kg4 Re5 55. Rf2 Re4+ 56. Kg3 Ke6 57. Rf6+ Ke7 58. Ra6 Re1 59. Kg4 1/2-1/2

[Event "Netanya Open 2019"]
[Site "Netanya"]
[Date "2019.06.26"]
[Round "4.9"]
[White "Erenberg, Ariel"]
[Black "Kogan, Arthur"]
[Result "1/2-1/2"]
[ECO "E11"]
[WhiteElo "2434"]
[BlackElo "2535"]
[Annotator "ChessBase"]
[PlyCount "71"]
[EventDate "2019.06.23"]
[EventType "swiss"]
[EventCountry "ISR"]
[SourceTitle "playchess.com"]
[Source "ChessBase"]
[SourceQuality "1"]
[TimeControl "40/5400+30:1800+30"]

1. d4 Nf6 2. c4 e6 3. Nf3 Bb4+ 4. Bd2 c5 5. Bxb4 cxb4 6. g3 O-O 7. Bg2 a5 8. a3 Na6 9. O-O d6 10. axb4 Nxb4 11. Nc3 Qe7 12. e4 e5 13. h3 b6 14. Re1 Ba6 15. b3 Nd7 16. Qd2 Rad8 17. Nd5 Nxd5 18. exd5 Qf6 19. b4 Bxc4 20. bxa5 bxa5 21. dxe5 dxe5 22. Rxa5 Rfe8 23. d6 h6 24. Re4 Rc8 25. Ra7 Bb5 26. Rc7 Rb8 27. Kh2 Rb6 28. Qc3 Rxd6 29. Re3 e4 30. Rc8 Rf8 31. Rxf8+ Nxf8 32. Qxf6 Rxf6 33. Rxe4 Bc6 34. Re3 Rd6 35. Ne5 Bxg2 36. Kxg2 1/2-1/2

[Event "Netanya Open 2019"]
[Site "Netanya"]
[Date "2019.06.26"]
[Round "4.10"]
[White "Dvoirys, Semen I."]
[Black "Emanuel, Yahav"]
[Result "1-0"]
[ECO "C95"]
[WhiteElo "2502"]
[BlackElo "2359"]
[Annotator "ChessBase"]
[PlyCount "87"]
[EventDate "2019.06.23"]
[EventType "swiss"]
[EventCountry "ISR"]
[SourceTitle "playchess.com"]
[Source "ChessBase"]
[SourceQuality "1"]
[TimeControl "40/5400+30:1800+30"]

1. e4 e5 2. Nf3 Nc6 3. Bb5 a6 4. Ba4 Nf6 5. O-O Be7 6. Re1 b5 7. Bb3 d6 8. c3 O-O 9. h3 Nb8 10. d4 Nbd7 11. Nbd2 Bb7 12. Bc2 Re8 13. Nf1 Bf8 14. Ng3 g6 15. a4 c5 16. d5 c4 17. Bg5 h6 18. Be3 Nc5 19. Qd2 h5 20. Ng5 Bg7 21. f4 exf4 22. Bxf4 Qe7 23. Qf2 Nfd7 24. Nf3 Ne5 25. Nxe5 Bxe5 26. Bxe5 Qxe5 27. Nf1 Rac8 28. Nd2 Qe7 29. Rf1 Rc7 30. axb5 axb5 31. Nf3 Ra8 32. Rae1 Nd7 33. Nd4 Ba6 34. Nc6 Qe8 35. Qg3 Ne5 36. Rf6 Nxc6 37. Qxd6 Rac8 38. Qf4 Bb7 39. e5 Re7 40. e6 Kg7 41. Rf1 Rcc7 42. exf7 Rxf7 43. Rxg6+ Kh8 44. Qh6+ 1-0

[Event "Netanya Open 2019"]
[Site "Netanya"]
[Date "2019.06.26"]
[Round "4.12"]
[White "Musyuk, Lior"]
[Black "Khmelniker, Ilya"]
[Result "0-1"]
[ECO "C56"]
[WhiteElo "2190"]
[BlackElo "2483"]
[Annotator "ChessBase"]
[PlyCount "82"]
[EventDate "2019.06.23"]
[EventType "swiss"]
[EventCountry "ISR"]
[SourceTitle "playchess.com"]
[Source "ChessBase"]
[SourceQuality "1"]
[TimeControl "40/5400+30:1800+30"]

1. e4 e5 2. Nf3 Nc6 3. d4 exd4 4. Bc4 Nf6 5. e5 d5 6. Bb5 Nd7 7. O-O Be7 8. Bxc6 bxc6 9. Nxd4 Nb8 10. c4 O-O 11. Qf3 dxc4 12. Rd1 Qd5 13. Qg3 Qe4 14. Bf4 c5 15. Nb5 Na6 16. N1c3 Qg6 17. Nd5 Bd8 18. Na3 Be6 19. Nxc4 c6 20. Nde3 Qh5 21. Qf3 Qxf3 22. gxf3 Nb4 23. a3 Nd5 24. Bg3 h5 25. h4 Rb8 26. f4 g6 27. Rac1 Rb3 28. Rd2 Bc7 29. Nd6 Nxe3 30. fxe3 Rxe3 31. Bf2 Rf3 32. Rxc5 Rxf4 33. Rxc6 Bd8 34. Bxa7 Bxh4 35. b4 Rg4+ 36. Kf1 f6 37. Ke2 fxe5 38. Nf7 Bxf7 39. b5 Bc4+ 40. Kd1 Bxb5 41. Rxg6+ Rxg6 0-1

[Event "Netanya Open 2019"]
[Site "Netanya"]
[Date "2019.06.26"]
[Round "4.15"]
[White "Rozentalis, Eduardas"]
[Black "Gorodetzky, Matan"]
[Result "1-0"]
[ECO "C07"]
[WhiteElo "2540"]
[BlackElo "2303"]
[Annotator "ChessBase"]
[PlyCount "55"]
[EventDate "2019.06.23"]
[EventType "swiss"]
[EventCountry "ISR"]
[SourceTitle "playchess.com"]
[Source "ChessBase"]
[SourceQuality "1"]
[TimeControl "40/5400+30:1800+30"]

1. e4 e6 2. d4 d5 3. Nd2 c5 4. Ngf3 a6 5. Bd3 Nc6 6. exd5 exd5 7. O-O c4 8. Re1+ Be7 9. Bf1 Nf6 10. c3 O-O 11. Ne5 Re8 12. g3 Bd6 13. f4 Qb6 14. Ndf3 Bf5 15. Bg2 h6 16. h3 Bxe5 17. fxe5 Ne4 18. Nh4 Bh7 19. Kh2 Ne7 20. Rf1 Rf8 21. Qe2 g5 22. Bxe4 Bxe4 23. Rf6 Qd8 24. Rxh6 Bg6 25. Bxg5 Kg7 26. Qe3 Rg8 27. Bf6+ Kf8 28. Nxg6+ 1-0

[Event "Netanya Open 2019"]
[Site "Netanya"]
[Date "2019.06.26"]
[Round "4.16"]
[White "Prraneeth Vuppala"]
[Black "Baron, Tal"]
[Result "0-1"]
[ECO "E01"]
[WhiteElo "2264"]
[BlackElo "2524"]
[Annotator "ChessBase"]
[PlyCount "126"]
[EventDate "2019.06.23"]
[EventType "swiss"]
[EventCountry "ISR"]
[SourceTitle "playchess.com"]
[Source "ChessBase"]
[SourceQuality "1"]
[TimeControl "40/5400+30:1800+30"]

1. d4 d5 2. c4 e6 3. Nf3 Nf6 4. g3 Bb4+ 5. Bd2 Bd6 6. Nc3 Nc6 7. Bg5 dxc4 8. Qa4 h6 9. Bxf6 Qxf6 10. Bg2 O-O 11. Qxc4 e5 12. Ne4 Qe7 13. O-O exd4 14. Nxd4 Nxd4 15. Qxd4 Be5 16. Qc5 Re8 17. Rfd1 Bf5 18. Qxe7 Rxe7 19. Rd2 Rae8 20. Nc5 b6 21. Nb7 Bf6 22. e3 Rd7 23. Rad1 Rxd2 24. Rxd2 Kf8 25. h3 h5 26. Bf3 g6 27. Kg2 Ke7 28. a3 a5 29. Bc6 Rb8 30. e4 Be6 31. f4 Kf8 32. e5 Be7 33. Bf3 f6 34. Rc2 fxe5 35. fxe5 Rc8 36. Bc6 Kf7 37. Be4 Bf8 38. Rf2+ Ke7 39. Rf6 Bf7 40. Rc6 Be6 41. Rc2 Bg7 42. Bc6 Bd7 43. Bxd7 Kxd7 44. Nd6 Ra8 45. Nc4 b5 46. Nd2 Bxe5 47. Ne4 a4 48. Nc5+ Kd6 49. Nb7+ Ke6 50. Nc5+ Kd5 51. Nd3 Bd6 52. Nb4+ Kd4 53. Rc3 Bxb4 54. axb4 a3 55. Rxa3 Rxa3 56. bxa3 Kc4 57. Kf3 Kb3 58. Kf4 Kxa3 59. Kg5 Kxb4 60. Kxg6 c5 61. h4 c4 62. g4 hxg4 63. h5 g3 0-1

[Event "Netanya Open 2019"]
[Site "Netanya"]
[Date "2019.06.26"]
[Round "4.17"]
[White "Greenfeld, Alon"]
[Black "Lukin, Elisha"]
[Result "1-0"]
[ECO "D47"]
[WhiteElo "2513"]
[BlackElo "2196"]
[Annotator "ChessBase"]
[PlyCount "47"]
[EventDate "2019.06.23"]
[EventType "swiss"]
[EventCountry "ISR"]
[SourceTitle "playchess.com"]
[Source "ChessBase"]
[SourceQuality "1"]
[TimeControl "40/5400+30:1800+30"]

1. d4 d5 2. c4 c6 3. Nf3 Nf6 4. Nc3 e6 5. e3 Nbd7 6. Bd3 dxc4 7. Bxc4 b5 8. Bd3 Bd6 9. Qc2 Bb7 10. e4 e5 11. Bg5 h6 12. Bh4 O-O 13. O-O-O Qb8 14. dxe5 Bxe5 15. Nxe5 Nxe5 16. Kb1 Nfd7 17. f4 Nxd3 18. Qxd3 Nb6 19. e5 Nd5 20. Nxd5 cxd5 21. Be7 Re8 22. Bd6 Qc8 23. Rc1 Qg4 24. Qxb5 1-0

[Event "Netanya Open 2019"]
[Site "Netanya"]
[Date "2019.06.26"]
[Round "4.19"]
[White "Cohen Revivo, Shoham"]
[Black "Zanan, Evgeny"]
[Result "1/2-1/2"]
[ECO "C45"]
[WhiteElo "2240"]
[BlackElo "2505"]
[Annotator "ChessBase"]
[PlyCount "109"]
[EventDate "2019.06.23"]
[EventType "swiss"]
[EventCountry "ISR"]
[SourceTitle "playchess.com"]
[Source "ChessBase"]
[SourceQuality "1"]
[TimeControl "40/5400+30:1800+30"]

1. e4 e5 2. Nf3 Nc6 3. d4 exd4 4. Nxd4 Qf6 5. Nb5 Bc5 6. Qe2 Bb6 7. N1c3 Nge7 8. h4 h6 9. Nd5 Nxd5 10. exd5+ Ne7 11. Bd2 d6 12. Bc3 Qf4 13. g3 Qg4 14. Qxg4 Bxg4 15. Bxg7 Rh7 16. Bd4 Ba5+ 17. Bc3 Bxc3+ 18. bxc3 Bf3 19. Rg1 Nxd5 20. c4 a6 21. Nd4 Nb4 22. Nxf3 Nxc2+ 23. Kd2 Nxa1 24. Bd3 Rh8 25. Rxa1 O-O-O 26. Re1 Rde8 27. Re3 c6 28. Nd4 Rxe3 29. Kxe3 Kc7 30. Nf5 b5 31. Kd4 f6 32. g4 bxc4 33. Bxc4 d5 34. Bxa6 Ra8 35. Be2 Rxa2 36. Ke3 Ra3+ 37. Bd3 c5 38. Kd2 Ra2+ 39. Bc2 d4 40. Kc1 Ra1+ 41. Kb2 Rf1 42. Bd3 Rxf2+ 43. Kb3 Rd2 44. Kc4 Rd1 45. Be4 Rc1+ 46. Kd3 Kd7 47. Bd5 Rc3+ 48. Kd2 Rh3 49. h5 Kc7 50. Be4 Kb6 51. Nxh6 c4 52. Nf7 Kc5 53. h6 d3 54. h7 Kd4 55. Bxd3 1/2-1/2

[Event "Netanya Open 2019"]
[Site "Netanya"]
[Date "2019.06.26"]
[Round "4.20"]
[White "Bar, Roman"]
[Black "Guz, Ari"]
[Result "1-0"]
[ECO "A08"]
[WhiteElo "2497"]
[BlackElo "2151"]
[Annotator "ChessBase"]
[PlyCount "47"]
[EventDate "2019.06.23"]
[EventType "swiss"]
[EventCountry "ISR"]
[SourceTitle "playchess.com"]
[Source "ChessBase"]
[SourceQuality "1"]
[TimeControl "40/5400+30:1800+30"]

1. e4 c5 2. Nf3 e6 3. d3 Nc6 4. g3 d5 5. Nbd2 Bd6 6. Bg2 Nge7 7. O-O O-O 8. Re1 Bc7 9. Nh4 b6 10. f4 dxe4 11. Bxe4 Bb7 12. a4 a6 13. Nb3 a5 14. Kh1 Nd5 15. f5 Re8 16. Rf1 e5 17. c3 Nf6 18. Bg5 h6 19. Bxf6 Qxf6 20. Qf3 Rab8 21. Nd2 Bd8 22. Nc4 Bc7 23. Ng2 Nd8 24. Nge3 1-0

[Event "Netanya Open 2019"]
[Site "Netanya"]
[Date "2019.06.26"]
[Round "4.21"]
[White "Aroesti, Roee"]
[Black "Mindlin, Alon"]
[Result "0-1"]
[ECO "C54"]
[WhiteElo "2233"]
[BlackElo "2454"]
[Annotator "ChessBase"]
[PlyCount "154"]
[EventDate "2019.06.23"]
[EventType "swiss"]
[EventCountry "ISR"]
[SourceTitle "playchess.com"]
[Source "ChessBase"]
[SourceQuality "1"]
[TimeControl "40/5400+30:1800+30"]

1. e4 e5 2. Nf3 Nc6 3. Bc4 Bc5 4. c3 Nf6 5. d4 exd4 6. cxd4 Bb4+ 7. Bd2 Bxd2+ 8. Nbxd2 d5 9. exd5 Nxd5 10. Qb3 Na5 11. Qa4+ Nc6 12. Qb3 Nce7 13. O-O O-O 14. Rfe1 c6 15. Ne4 a5 16. Rac1 a4 17. Qa3 Ng6 18. Nd6 Ngf4 19. g3 b5 20. Bxd5 Nxd5 21. Qc5 Be6 22. a3 Ra6 23. Ne5 Ne7 24. Nd3 Nd5 25. Ne5 Ne7 26. f4 h6 27. Nd3 Nd5 28. Ne5 Ne7 29. Rc2 Bd5 30. Rce2 Nc8 31. Nb7 Qc7 32. Nd3 Be6 33. Qb4 Qxb7 34. Nc5 Qa7 35. Nxa6 Qxa6 36. f5 Bd7 37. Re4 c5 38. dxc5 Bxf5 39. Re8 Be6 40. Rxf8+ Kxf8 41. Rd1 Qc6 42. Rd8+ Ke7 43. Rg8 g5 44. Qd4 Qd7 45. Qe5 Na7 46. Rh8 Nc6 47. Qd6+ Qxd6 48. cxd6+ Kxd6 49. Rxh6 g4 50. Kf2 Kd5 51. Ke3 Kc4 52. Rh5 b4 53. axb4 Nxb4 54. Ra5 Kb3 55. Ra7 Bd5 56. Ra5 Bc6 57. Kf4 Bd7 58. Ra7 Be6 59. Ke3 Bc4 60. Rb7 Bd5 61. Ra7 Be6 62. Rb7 Kc4 63. Ra7 Kb5 64. Rb7+ Kc5 65. Ra7 Bb3 66. Kf4 Bd1 67. Ke3 Bb3 68. Kf4 Nd3+ 69. Kxg4 Nxb2 70. h4 Kb6 71. Ra8 Kb7 72. Ra5 Nc4 73. Rb5+ Kc6 74. Rb8 Nb6 75. Re8 Be6+ 76. Kg5 a3 77. Rd8 Bd7 0-1

[Event "Netanya Open 2019"]
[Site "Netanya"]
[Date "2019.06.26"]
[Round "4.22"]
[White "Abergel, Thal"]
[Black "Gorshtein, Asaf"]
[Result "1-0"]
[ECO "E60"]
[WhiteElo "2450"]
[BlackElo "2109"]
[Annotator "ChessBase"]
[PlyCount "83"]
[EventDate "2019.06.23"]
[EventType "swiss"]
[EventCountry "ISR"]
[SourceTitle "playchess.com"]
[Source "ChessBase"]
[SourceQuality "1"]
[TimeControl "40/5400+30:1800+30"]

1. Nf3 Nf6 2. c4 c5 3. g3 g6 4. b3 Bg7 5. Bb2 O-O 6. Bg2 Nc6 7. O-O d6 8. d4 cxd4 9. Nxd4 Bd7 10. Nc2 Qc8 11. Re1 Rb8 12. Nc3 Bh3 13. Bh1 Nd7 14. Qd2 Nc5 15. Ne3 Be6 16. Ncd5 Bxd5 17. Nxd5 Qd8 18. Rad1 a5 19. Bxg7 Kxg7 20. a3 Kg8 21. b4 axb4 22. axb4 Nd7 23. Rc1 Nb6 24. Ne3 Qd7 25. Red1 Rfd8 26. b5 Ne5 27. f4 Ng4 28. Nxg4 Qxg4 29. Qe3 Nc8 30. c5 Qd7 31. c6 bxc6 32. bxc6 Qc7 33. f5 Nb6 34. Rd4 Rdc8 35. Rh4 Nd7 36. fxg6 fxg6 37. Bd5+ Kh8 38. Qxe7 Nf8 39. Qf6+ Qg7 40. Qxd6 Rb2 41. Bf3 Qa7+ 42. Kh1 1-0

[Event "Netanya Open 2019"]
[Site "Netanya"]
[Date "2019.06.26"]
[Round "4.23"]
[White "Lahav, Michal"]
[Black "Veinberg, Nimrod"]
[Result "1/2-1/2"]
[ECO "C60"]
[WhiteElo "2178"]
[BlackElo "2401"]
[Annotator "NA"]
[PlyCount "182"]
[EventDate "2019.06.23"]
[EventType "swiss"]
[EventCountry "ISR"]
[SourceTitle "playchess.com"]
[Source "ChessBase"]
[SourceQuality "1"]
[TimeControl "40/5400+30:1800+30"]

1. e4 e5 2. Nf3 Nc6 3. Bb5 g6 4. O-O Bg7 5. c3 a6 6. Ba4 b5 7. Bb3 d6 8. h3 Nge7 9. d4 exd4 10. cxd4 O-O 11. Nc3 Bb7 12. a3 Rc8 13. Ba2 Na5 14. Qd3 h6 15. b4 Nc4 16. Bxc4 bxc4 17. Qxc4 d5 18. exd5 Nxd5 19. Nxd5 Bxd5 20. Qd3 a5 21. Bb2 axb4 22. axb4 Qd6 23. Nd2 Qxb4 24. Bc3 Qd6 25. Rfb1 Rb8 26. Ne4 Qc6 27. f3 Bc4 28. Qe3 Rbd8 29. Rc1 Rfe8 30. d5 Rxd5 31. Bxg7 Kxg7 32. Qc3+ f6 33. Kh2 Rxe4 34. fxe4 Rc5 35. Qd4 g5 36. Rc3 Qd6+ 37. Qxd6 cxd6 38. Kg3 Kg6 39. Rd1 Bb5 40. Rxc5 dxc5 41. Kf3 c4 42. Ke3 Ba4 43. Rd6 Kg7 44. Kd2 Bb3 45. Kc3 Ba2 46. Rb6 Bb3 47. Rc6 Ba2 48. Kb4 Bb3 49. Kc3 Ba2 50. Kd4 Bb3 51. Ke3 Kf7 52. Rc7+ Kg6 53. Kf2 h5 54. Rc6 Kf7 55. g3 Kg7 56. Ke3 Kf7 57. h4 Kg7 58. Kd4 Ba2 59. Kc3 Bb3 60. Kb4 Ba2 61. Ka5 Bb3 62. Kb6 Kf7 63. Kc7 Ke7 64. Rc5 gxh4 65. gxh4 Bd1 66. Rxc4 Ke6 67. Rc5 Bf3 68. Kb6 Bg4 69. Kb5 f5 70. e5 Be2+ 71. Kb4 f4 72. Kc3 Kf5 73. Kd2 Bf3 74. Ke1 Ke6 75. Kd2 Bd5 76. Rc8 Kxe5 77. Rh8 Bf3 78. Rf8 Ke4 79. Rh8 Bg4 80. Ke1 Kf3 81. Ra8 Kg3 82. Ra3+ f3 83. Kf1 Be6 84. Kg1 Bc4 85. Rc3 Bd5 86. Rd3 Be6 87. Re3 Bf5 88. Ra3 Bd7 89. Rd3 Bb5 90. Rb3 Be2 91. Ra3 Kxh4 1/2-1/2

[Event "Netanya Open 2019"]
[Site "Netanya"]
[Date "2019.06.26"]
[Round "4.24"]
[White "Birnboim, Nathan"]
[Black "Nissim, Yonatan"]
[Result "1-0"]
[ECO "A37"]
[WhiteElo "2379"]
[BlackElo "2082"]
[Annotator "NA"]
[PlyCount "81"]
[EventDate "2019.06.23"]
[EventType "swiss"]
[EventCountry "ISR"]
[SourceTitle "playchess.com"]
[Source "ChessBase"]
[SourceQuality "1"]
[TimeControl "40/5400+30:1800+30"]

1. c4 g6 2. Nc3 c5 3. g3 Nc6 4. Bg2 Bg7 5. Nf3 e6 6. d3 Nge7 7. O-O O-O 8. Bd2 d5 9. Rb1 b6 10. Qc1 Bb7 11. Bg5 Qd7 12. Rd1 Rac8 13. h4 Nf5 14. cxd5 exd5 15. Bh3 Ncd4 16. Ne1 Rfe8 17. Qd2 Qc6 18. Bg2 Qd7 19. Bh3 Ne6 20. e4 Nxg5 21. Qxg5 dxe4 22. dxe4 Qc6 23. Bg2 Nd4 24. Nd5 Qe6 25. Nd3 Rcd8 26. Nc7 Qxa2 27. Nxe8 Rxe8 28. f3 Qb3 29. Qd2 Rd8 30. Qf2 Ne6 31. Qe2 Ba6 32. Bf1 c4 33. Ne1 Bd4+ 34. Kh2 c3 35. Qxa6 Bg1+ 36. Kxg1 Rxd1 37. Rxd1 Qxd1 38. Qc8+ Kg7 39. Qxc3+ Kh6 40. Nc2 Nc5 41. Qe3+ 1-0

[Event "Netanya Open 2019"]
[Site "Netanya"]
[Date "2019.06.26"]
[Round "4.25"]
[White "Shvayger, Yuliya"]
[Black "Pravdivetz, Vladimir"]
[Result "1/2-1/2"]
[ECO "C09"]
[WhiteElo "2361"]
[BlackElo "1927"]
[Annotator "NA"]
[PlyCount "123"]
[EventDate "2019.06.23"]
[EventType "swiss"]
[EventCountry "ISR"]
[SourceTitle "playchess.com"]
[Source "ChessBase"]
[SourceQuality "1"]
[TimeControl "40/5400+30:1800+30"]

1. e4 e6 2. d4 d5 3. Nd2 c5 4. Ngf3 Nc6 5. exd5 exd5 6. Be2 cxd4 7. O-O Bd6 8. Nb3 Nge7 9. Nbxd4 O-O 10. Bg5 Qb6 11. Rb1 a5 12. c3 Re8 13. h3 Bd7 14. Bd3 Nxd4 15. Nxd4 Be5 16. Nf3 Bd6 17. Be3 Bc5 18. Re1 Nf5 19. Bxc5 Rxe1+ 20. Qxe1 Qxc5 21. Rd1 Re8 22. Qd2 Ne7 23. Bb1 h6 24. Nd4 Bc6 25. a3 Qd6 26. Ba2 Qf6 27. Re1 Ra8 28. Bb1 Ng6 29. Qd3 Re8 30. Rd1 Bd7 31. Ne2 Bc6 32. Ng3 Re5 33. b4 axb4 34. axb4 Ba4 35. Rf1 Bb3 36. Qd4 Bc4 37. Rd1 Nf4 38. Bc2 g6 39. Ra1 Kh7 40. Kh2 Ne6 41. Qd2 h5 42. Re1 h4 43. Nh1 Rg5 44. g3 hxg3+ 45. fxg3 Re5 46. Nf2 Ng5 47. Bd1 Ne4 48. Nxe4 Rxe4 49. Bc2 Rxe1 50. Qxe1 Qf3 51. Bd1 Qf6 52. Qe3 Qf5 53. g4 Qe6 54. Qf4 Kg7 55. Bf3 Qf6 56. Qe3 g5 57. Kg2 b5 58. Kf2 Kg6 59. Kg2 Qe6 60. Kf2 Kf6 61. Qd4+ Qe5 62. Kg2 1/2-1/2